 Dungeon Crawl Stone Soup version 0.26-a0-497-g0187308201 (webtiles) character file.

Game seed: 5242342190152711690

8441 KristoblXynda the Covert (level 11, -5/90 HPs)
             Began as a Naga Berserker on Aug 6, 2020.
             Was an Elder of Trog.
             Killed from afar by a hell hound (16 damage)
             ... with a blast of flame
             ... on level 1 of the Abyss.
             The game lasted 00:20:49 (14296 turns).

KristoblXynda the Covert (Naga Berserker)          Turns: 14296, Time: 00:20:50

Health: -5/90      AC: 19    Str: 27    XL:     11   Next: 30%
Magic:  11/11      EV: 11    Int:  9    God:    Trog [****..]
Gold:   457        SH:  5    Dex: 11    Spells: 10/10 levels left

rFire    . . .     SeeInvis +   d - +0 long sword
rCold    . . .     Faith    .   (no shield)
rNeg     + . .     Spirit   .   s - +3 scale mail {rN+}
rPois    +         Reflect  +   x - +0 helmet {SInv}
rElec    .         Harm     .   y - +1 cloak {rPois}
rCorr    .                      (no gloves)
MR       +++..                  (no barding)
Stlth    +++.......             I - amulet of reflection
HPRegen  1.25/turn              b - +4 ring of protection
MPRegen  0.12/turn              D - +6 ring of strength

@: regenerating, very slow
A: large, see invisible, deformed body, poison resistance, slowness 2, spit
poison 1, AC +3
a: Spit Poison, Berserk, Trog's Hand, Brothers in Arms, Renounce Religion


You were on level 1 of the Abyss.
You worshipped Trog.
Trog was greatly pleased with you.
You visited 4 branches of the dungeon, and saw 14 of its levels.
You visited the Abyss 1 time.

You collected 935 gold pieces.
You spent 478 gold pieces at shops.

Inventory:

Hand Weapons
 d - a +0 long sword (weapon)
 h - a +2 dagger of venom
Armour
 s - a +3 scale mail of positive energy (worn)
 x - a +0 helmet of see invisible (worn)
 y - a +1 cloak of poison resistance (worn)
Jewellery
 b - a +4 ring of protection (left hand)
 c - an uncursed ring of protection from magic
 B - an uncursed amulet of regeneration {unknown}
 D - a +6 ring of strength (right hand)
 G - an uncursed ring of protection from cold
 I - an amulet of reflection (around neck)
Wands
 a - a wand of disintegration (8)
Scrolls
 e - 3 scrolls of amnesia
 i - 2 scrolls of enchant armour
 m - 4 scrolls of teleportation
 p - a scroll of fear
 A - 4 scrolls of remove curse
 H - a scroll of enchant weapon
Potions
 f - 3 potions of stabbing
 g - 2 potions of mutation {unknown}
 j - a potion of invisibility {unknown}
 k - 4 potions of might
 l - 2 potions of brilliance {unknown}
 n - 3 potions of ambrosia
 o - 3 potions of cancellation
 q - 3 potions of resistance
 r - 3 potions of berserk rage {unknown}
 t - 2 potions of flight
 u - 4 potions of lignification
 v - 5 potions of haste {unknown}
 w - a potion of magic {unknown}
 C - 5 potions of curing
Miscellaneous
 F - a condenser vane (4/4)


   Skills:
 + Level 3.6 Fighting
 + Level 9.2 Long Blades
 + Level 7.5 Armour
 + Level 7.4 Dodging
 + Level 10.1 Stealth
 - Level 5.0 Evocations


You had 10 spell levels left.
You didn't know any spells.
Your spell library contained the following spells:

 Spells                   Type           Power        Failure   Level
 Confusing Touch          Hex            #.......     94%         3
 Gell's Gravitas          Tloc           #.........   94%         3
 Petrify                  Tmut/Erth      #.......     100%        4
 Bolt of Magma            Conj/Fire/Erth #.........   100%        5
 Iskenderun's Battlesphe  Conj           #.......     100%        5
 Metabolic Englaciation   Hex/Ice        #.........   100%        5
 Yara's Violent Unravell  Hex/Tmut       #.........   100%        5
 Iron Shot                Conj/Erth      #.........   100%        6
 Orb of Destruction       Conj           #.........   100%        7
 Spellforged Servitor     Conj/Summ      #.........   100%        7


Dungeon Overview and Level Annotations

Branches:
Dungeon (11/15)            Temple (1/1) D:4            Lair (1/6) D:9
    Orc (1/2) D:10

Altars:
Ashenzari
Cheibriados
Dithmenos
Elyvilon
Fedhas
Gozag
Hepliaklqana
Kikubaaqudgha
Makhleb
Nemelex Xobeh
Okawaru
Qazlal
Ru
Sif Muna
Trog
Uskayaw
Vehumet
Wu Jian
Xom
Yredelemnul
Zin
The Shining One
Beogh

Shops:
D:9 [

Annotations:
D:3 exclusion: oklob plant
D:10 2 transporters, Ilyq's ghost, novice OpIE
D:11 Sonja


Innate Abilities, Weirdness & Mutations

You cannot wear boots.
Your serpentine skin is tough. (AC +3)
You have supernaturally acute eyesight. (SInv)
Armour fits poorly on your strangely shaped body.
Your system is resistant to poisons. (rPois)
You cover ground very slowly.
You can spit poison.


Message History

The blast of flame hits the hell hound.
The hell hound completely resists.
The blast of flame hits you!!
* * * LOW HITPOINT WARNING * * *
You barely miss the hell hound.
The hell hound bites you but does no damage.
The hell hound breathes flames at you.
The blast of flame hits you but does no damage.
Trog will no longer gift you weapons.
You closely miss the hell hound. You block the hell hound's attack.
Your two-headed ogre goes berserk!
The hell hound barely misses you.
You riposte.
You slash the hell hound!
The hell hound is severely wounded.
The hell hound bites you but does no damage.
Your two-headed ogre barely misses the hell hound.
Your two-headed ogre closely misses the hell hound.
The hell hound bites you.
* * * LOW HITPOINT WARNING * * *
The hell hound breathes flames at you. The blast of flame hits you!
You die...

. # #. . .#
.##. ... ##
#.##.# #...#
# ##@..#.#
#.## #h#hO..#
.h...#.####.#
#..##h##
#.#....#
#.###..## ...
##.# # .# ##
#.# ## .# #..
#.# #


4 You could see 2 hell hounds and a friendly two-headed ogre (summoned,
berserk).

Vanquished Creatures
  A two-headed ogre (D:10)
  An unseen horror (D:10)
  Pikel (D:8)
  A manticore (D:11)
  A smoke demon (Abyss:1)
  A komodo dragon (D:10)
  2 trolls
  2 hippogriffs
  Sigmund (D:2)
  6 yaks (D:10)
  Edmund (D:3)
  2 ice beasts (D:8)
  2 orc warriors
  A sky beast (D:5)
  A black bear (D:7)
  An eye of draining (D:10)
  6 ogres
  A phantom (D:9)
  3 centaurs
  A big kobold (D:10)
  3 bullfrogs
  3 scorpions
  9 killer bees
  3 wights (D:6)
  3 hounds
  A bullfrog skeleton (D:4)
  7 orc priests
  Crazy Yiuf (D:4)
  4 jellies
  2 centaur skeletons
  Jessica (D:3)
  An iguana (D:5)
  8 orc wizards
  3 worker ants
  A killer bee zombie (D:7)
  A worker ant zombie (D:9)
  Robin (D:4)
  5 gnolls
  14 adders
  2 shadow imps
  3 white imps
  2 ufetubi
  4 adder skeletons
  2 worms
  2 dart slugs (D:2)
  6 leopard geckos
  30 orcs
  4 giant cockroaches
  13 goblins
  15 hobgoblins
  18 jackals
  4 quokkas
  A ball python zombie (D:6)
  3 bats
  4 frilled lizards
  A jackal skeleton (D:6)
  10 kobolds
  A leopard gecko skeleton (D:4)
  9 rats
  A plant (D:1)
242 creatures vanquished.

Notes
Turn   | Place    | Note
-------+----------+-------------------------------------------
     0 | D:1      | KristoblXynda the Naga Berserker began the quest for the
                  | Orb.
     0 | D:1      | Reached XP level 1. HP: 21/21 MP: 1/1
   300 | D:1      | Reached XP level 2. HP: 26/28 MP: 2/2
   843 | D:2      | Found an iron altar of Okawaru.
   843 | D:2      | Noticed Sigmund
  1085 | D:2      | Reached XP level 3. HP: 34/34 MP: 3/3
  1099 | D:1      | Reached ** piety under Trog
  1390 | D:2      | Reached XP level 4. HP: 36/42 MP: 4/4
  1495 | D:2      | Reached skill level 1 in Stealth
  1724 | D:2      | Found an opulent altar of Gozag.
  1986 | D:2      | Killed Sigmund
  1986 | D:2      | Reached skill level 3 in Stealth
  1986 | D:2      | Reached XP level 5. HP: 30/49 MP: 5/5
  1986 | D:2      | Reached XP level 6. HP: 35/56 MP: 6/6
  2303 | D:2      | Found a burning altar of Makhleb.
  2505 | D:3      | Found a sacrificial altar of Ru.
  2521 | D:3      | Noticed Jessica
  2534 | D:3      | Killed Jessica
  3291 | D:3      | Found a blossoming altar of Fedhas.
  3310 | D:3      | Noticed an oklob plant
  3415 | D:4      | Noticed Edmund
  3443 | D:3      | Killed Edmund
  3443 | D:3      | Reached skill level 4 in Stealth
  3443 | D:3      | Reached XP level 7. HP: 12/62 MP: 7/7
  4032 | D:4      | Reached skill level 5 in Stealth
  4128 | D:4      | Found a runed translucent door.
  4129 | D:4      | Noticed Crazy Yiuf
  4662 | D:4      | Reached skill level 5 in Long Blades
  4741 | D:4      | Noticed a troll
  4753 | D:4      | Killed a troll
  4753 | D:4      | Reached skill level 6 in Stealth
  4753 | D:4      | Reached XP level 8. HP: 53/69 MP: 8/8
  4978 | D:4      | Reached *** piety under Trog
  5304 | D:4      | Found a staircase to the Ecumenical Temple.
  5309 | Temple   | Entered the Ecumenical Temple
  5892 | D:4      | Reached skill level 7 in Stealth
  6004 | D:4      | Noticed Robin
  6032 | D:4      | Killed Robin
  6327 | D:4      | Killed Crazy Yiuf
  6499 | D:5      | Entered Level 5 of the Dungeon
  8194 | D:6      | Reached skill level 8 in Stealth
  8214 | D:6      | Reached XP level 9. HP: 70/76 MP: 9/9
  9051 | D:7      | Reached skill level 5 in Armour
  9051 | D:7      | Reached skill level 5 in Dodging
  9280 | D:7      | Reached **** piety under Trog
  9289 | D:7      | Reached skill level 9 in Stealth
  9493 | D:7      | You fall into a shaft and drop 2 floors!
  9675 | D:9      | Found a stormy altar of Qazlal.
  9912 | D:9      | Found a glowing silver altar of Zin.
 10008 | D:9      | Found Eshriczot's Antique Armour Emporium.
 10023 | D:9      | Bought a shiny scale mail for 231 gold pieces
 10023 | D:9      | Bought a shiny helmet for 247 gold pieces
 10222 | D:9      | Found a shadowy altar of Dithmenos.
 10223 | D:9      | Found a hazy altar of Hepliaklqana.
 10617 | D:9      | Found a sparkling altar of Nemelex Xobeh.
 10628 | D:9      | Found a staircase to the Lair.
 11052 | D:8      | Found a shimmering blue altar of Sif Muna.
 11139 | D:8      | Reached skill level 10 in Stealth
 11213 | D:8      | Noticed Pikel
 11231 | D:8      | Killed Pikel
 11231 | D:8      | Reached skill level 1 in Evocations
 11231 | D:8      | Reached XP level 10. HP: 84/84 MP: 10/10
 11647 | D:8      | Found a radiant altar of Vehumet.
 12696 | Lair:1   | Entered Level 1 of the Lair of Beasts
 12714 | D:10     | Entered Level 10 of the Dungeon
 12714 | D:10     | Found a staircase to the Orcish Mines.
 12888 | D:10     | Noticed an unseen horror
 12896 | D:10     | HP: 3/126 [komodo dragon (19)]
 13060 | D:10     | Killed an unseen horror
 13081 | D:10     | Found a transporter.
 13081 | D:10     | Noticed Ilyq's ghost (novice OpIE)
 13419 | D:10     | Noticed a two-headed ogre
 13430 | D:10     | Killed a two-headed ogre
 13430 | D:10     | Reached XP level 11. HP: 90/90 MP: 11/11
 13488 | D:10     | Found a transporter.
 13833 | D:10     | Found a roughly hewn altar of Beogh.
 13847 | D:10     | Reached ***** piety under Trog
 13970 | Orc:1    | Entered Level 1 of the Orcish Mines
 13996 | D:11     | Noticed a manticore
 14019 | D:11     | Killed a manticore
 14028 | D:11     | Reached skill level 5 in Evocations
 14096 | D:11     | Noticed a cyclops
 14122 | D:11     | Noticed Sonja
 14137 | D:11     | Cast into level 1 of the Abyss (Sonja)
 14201 | Abyss:1  | Noticed a thrashing horror
 14217 | Abyss:1  | Noticed a large abomination
 14296 | Abyss:1  | Killed from afar by a hell hound

Illustrated notes

Levels and vault maps discovered:
D:1:      nagdon_arrival_double_spiral, layout_basic, serial_bayou_lake_a
D:2:      layout_rooms, lemuel_crystal_altar, grunt_gozag_breadcrumbs,
          nicolae_overflow_hidden_temple, uniq_sigmund
D:3:      layout_loops_ring, nicolae_ru_awakened_eye, tgw_fedhas,
          dk_noncrumbling_2, chequers_hall_statues_corner_a,
          lightli_corner_chamber, uniq_jessica
D:4:      minmay_polygon_palace, layout_layer_cave, minmay_temple_entry_wispy,
          uniq_edmund, uniq_robin, uniq_crazy_yiuf_cottage
D:5:      layout_basic
D:6:      layout_basic, kennysheep_small_square
D:7:      layout_basic
D:8:      layout_basic, nicolae_overflow_crystal_walls, old_standard_altar,
          minmay_checkerbox, uniq_pikel
D:9:      layout_loops_corners, riverfiend_overflow_shadow_ancestor,
          grunt_temple_overflow_open, lair_entry_dummy, serial_shops,
          nicolae_shop_stone, nemelex_xobeh_ov_fountains_minmay
D:10:     layout_rooms, minmay_orc_entry_temple_small,
          gammafunk_ghost_stat_death
D:11:     layout_basic, serial_shops, nicolae_shop_overgrown_old_shop,
          special_room [special_room_orc], uniq_sonja, uniq_urug
Temple:   minmay_temple_curvy_loop
Lair:1:   layout_cave_pods
Orc:1:    layout_diamond_mine, mines1_david
Abyss:1:  base:
D:3

Skill      XL: |  1  2  3  4  5  6  7  8  9 10 11 |
---------------+----------------------------------+-----
Armour         | 2 3 4 6 7 |  7.5
Dodging        | 2 3 4 6 7 |  7.4
Stealth        | 3 4 6 8 10 | 10.1
Long Blades    | 4 5 6 7 9 |  9.2
Evocations     | 1 4 5 |  5.0
Fighting       | |  3.6

Action                   |  1- 3 |  4- 6 |  7- 9 | 10-12 || total
-------------------------+-------+-------+-------+-------++-------
Melee: Falchion          |   101 |       |    48 |       ||   149
       Dagger            |    12 |   114 |   257 |     2 ||   385
       Long sword        |       |       |   189 |   282 ||   471
Invok: Berserk           |       |       |     9 |     7 ||    16
       Trog's Hand       |       |       |     1 |     2 ||     3
       Brothers in Arms  |       |       |       |     1 ||     1
 Abil: Spit Poison       |     9 |     5 |    19 |     4 ||    37
Evoke: Wand              |       |       |     4 |       ||     4
  Use: Scroll            |     3 |     5 |     9 |     5 ||    22
       Potion            |       |     1 |     2 |     1 ||     4
 Stab: Sleeping          |       |     1 |    11 |     2 ||    14
Armor: Leather armour    |    19 |    21 |   112 |       ||   152
       Ring mail         |     1 |       |       |       ||     1
       Chain mail        |       |       |    78 |       ||    78
       Scale mail        |       |       |    69 |   154 ||   223
Dodge: Dodged            |    38 |    57 |   257 |   182 ||   534
Block: Other             |       |       |       |    56 ||    56
       Reflection        |       |       |       |     5 ||     5
       Rpst.: Falchion   |    11 |       |    11 |       ||    22
       Long sword        |       |       |    23 |    37 ||    60

Table legend: (Time is in decaauts)
 A = Elapsed time spent in this place.
 B = Non-inter-level travel time spent in this place.
 C = Inter-level travel time spent in this place.
 D = Time resting spent in this place.
 E = Time spent auto-exploring this place.
 F = Levels seen in this place.
 G = Mean time per level.
                   A        B        C        D        E       F      G
               +--------+--------+--------+--------+--------+-----+--------+
         Total |  17464 |  16845 |    619 |   4345 |   9324 |  15 | 1164.3 |
       Dungeon |  16995 |  16408 |    587 |   4258 |   9069 |  11 | 1545.0 |
        Temple |    288 |    258 |     30 |      0 |    255 |   1 |  288.0 |
          Lair |      8 |      8 |      0 |      0 |      0 |   1 |    8.0 |
  Orcish Mines |      1 |      1 |      0 |      0 |      0 |   1 |    1.0 |
         Abyss |    171 |    171 |      0 |     87 |      0 |   1 |  171.0 |
               +--------+--------+--------+--------+--------+-----+--------+

Top non-repeatable levels by time:
     D:4: 2992 daAuts
     D:9: 1978 daAuts
     D:6: 1800 daAuts
     D:8: 1625 daAuts
     D:1: 1609 daAuts
     D:3: 1582 daAuts
    D:10: 1475 daAuts
     D:2: 1318 daAuts
     D:7: 1303 daAuts
     D:5: 1131 daAuts
  Temple: 288 daAuts
    D:11: 177 daAuts
 Abyss:1: 171 daAuts
  Lair:1: 8 daAuts
   Orc:1: 1 daAuts
